 Dungeon Crawl Stone Soup version 0.31-a0-538-gbc85326fa9 (webtiles) character file.

Game seed: 8844610912754803781

3094 bobo the Changeling (level 9, -16/79 HPs)
             Began as a Pale Draconian Shapeshifter on Aug 13, 2023.
             Was a High Priest of Uskayaw.
             Demolished by Gastronok (20 damage)
             ... on level 8 of the Dungeon.
             The game lasted 00:18:00 (6101 turns).

bobo the Changeling (Pale Draconian Shapeshifter)   Turns: 6101, Time: 00:18:01

Health: -16/79     AC: 13    Str: 21    XL:     9   Next: 59%
Magic:  12/13      EV: 12    Int:  9    God:    Uskayaw [*****.]
Gold:   386        SH:  0    Dex: 12    Spells: 8/8 levels left

rFire   . .          .
                       - Unarmed
rCold   . . .        (shield currently unavailable)
rNeg    . . .        (body armour unavailable)
rPois   .            (helmet restricted)
rElec   .            (no cloak)
rCorr   .            v - +0 pair of gloves
SInv    .            j - +0 pair of boots
Will    +....        r - amulet of regeneration
Stlth   +            y - ring of willpower
HPRegen 1.13/turn    n - +4 ring of protection
MPRegen 0.13/turn

%: no passive effects
@: flux-form, glowing
A: glow, contaminating, breathe steam, AC +7, unfitting armour, cold-blooded,
steam resistance
a: Breathe Steam, Begin Untransformation, Renounce Religion, Stomp, Line Pass,
Grand Finale


You were on level 8 of the Dungeon.
You worshipped Uskayaw.
Uskayaw was noncommittal.
You were something dangerously unstable.
You visited 2 branches of the dungeon, and saw 9 of its levels.
You also visited: Bailey.

You collected 386 gold pieces.

Inventory:

Armour
 j - a +0 pair of boots (worn)
 v - a +0 pair of gloves (worn)
Jewellery
 e - a ring of see invisible
 n - a +4 ring of protection (right hand)
 r - an amulet of regeneration (around neck)
 y - a ring of willpower (left hand)
Talismans
 b - a beast talisman
 c - a flux talisman (active)
 d - a serpent talisman
 w - a blade talisman
Wands
 h - a wand of roots (2)
Scrolls
 f - a scroll of amnesia
 i - 3 scrolls of identify
 k - a scroll of teleportation
 m - a scroll of blinking {unknown}
 o - a scroll of brand weapon {unknown}
 p - 3 scrolls of poison
 u - a scroll of vulnerability {unknown}
 A - a scroll of torment {unknown}
Potions
 a - a potion of invisibility {unknown}
 g - 2 potions of curing
 l - a potion of ambrosia {unknown}
 q - a potion of enlightenment {unknown}
 s - a potion of mutation {unknown}
 t - 2 potions of attraction {unknown}
 x - a potion of degeneration {unknown}
 z - a potion of berserk rage {unknown}


   Skills:
 + Level 7.0 Fighting
 - Level 3.2 Dodging
 + Level 7.0 Unarmed Combat
 + Level 5.9 Invocations
 * Level 7.1 Shapeshifting


You had 8 spell levels left.
You didn't know any spells.
Your spell library contained the following spells:

 Spells                   Type           Power      Damage    Failure   Level
 Apportation              Tloc           0%         N/A       38%         1
 Necrotise                Necr           0%         1d4       38%         1
 Summon Small Mammal      Summ           0%         N/A       38%         1
 Scorch                   Fire           0%         2d5       52%         2
 Anguish                  Hex/Necr       0%         N/A       99%         4
 Cause Fear               Hex            0%         N/A       99%         4
 Flame Wave               Conj/Fire      0%         2d4       99%         4
 Summon Forest            Summ/Tloc      0%         N/A       100%        5
 Eringya's Noxious Bog    Tmut/Pois      0%         4d6       100%        6
 Summon Cactus Giant      Summ           0%         N/A       100%        6
 Enfeeble                 Hex            0%         N/A       100%        7
 Summon Hydra             Summ           0%         N/A       100%        7


Dungeon Overview and Level Annotations

Branches:
Dungeon (8/15)             Temple (1/1) D:4          Bailey (visited)
   Lair: D:8-11

Altars:
Ashenzari
Cheibriados
Dithmenos
Elyvilon
Fedhas
Gozag
Hepliaklqana
Kikubaaqudgha
Makhleb
Nemelex Xobeh
Okawaru
Qazlal
Ru
Sif Muna
Trog
Uskayaw
Vehumet
Wu Jian
Xom
Yredelemnul
Zin
The Shining One

Shops:
D:3 [

Annotations:
D:8 Gastronok


Innate Abilities, Weirdness & Mutations

You are something dangerously unstable.
You glow with magical radiation, making you easy to see and hit.
Foes you strike become dangerously contaminated with magical radiation.
You are incapable of wielding weapons or throwing items.
You can breathe blasts of scalding, opaque steam.
Your pale cyan-grey scales are hard. (AC +7)
You cannot fit into any form of body armour.
You are cold-blooded and may be slowed by cold attacks.
You are immune to the effects of steam.


Message History

The gnoll barely misses you.
Aiming: Line Pass
Press: ? - help, Dir - move target
Okay, then.
Unknown command.
Okay, then.
You hit the gnoll but do no damage.
The gnoll begins to glow.
Your tail-slap misses the gnoll.
The gnoll is lightly wounded.
You feel very sick.
The gnoll hits you with a +2 spear of venom.
* * * LOW HITPOINT WARNING * * *
You feel better.
The gnoll hits you with a +2 spear of venom.
You hit the gnoll.
The gnoll glows dangerously bright.
You tail-slap the gnoll.
The gnoll is severely wounded.
You hit the gnoll.
The gnoll shudders as magic cascades through it!!
You kill the gnoll!
You see here a +2 spear of venom.
Gastronok bites you!!
* * * LOW HITPOINT WARNING * * *
You barely miss Gastronok.
Gastronok is lightly wounded.
You hit Gastronok.
Gastronok begins to glow.
Gastronok is lightly wounded.
Gastronok bites you.
* * * LOW HITPOINT WARNING * * *
You hit Gastronok.
Gastronok glows dangerously bright.
You tail-slap Gastronok.
Gastronok is lightly wounded.
You can now merge with and destroy a victim.
You hit Gastronok but do no damage.
Gastronok shudders as magic cascades through him.
Gastronok twists and deforms.
Gastronok is lightly wounded.
You hit Gastronok.
Gastronok begins to glow.
Gastronok is lightly wounded.
Gastronok sloshes about.
Gastronok bites you!!
You die...

#################
#...............####
#.........# #.wB).##
#.........#
#)#.#..## #......#
#...##..# #......#
####.#####..#
....#..# #..#)# #..#
....#..## #..#.##
##..#
.#..#..#..#..#..##
#..## #..#
.#..####..#......#
#...## ...# .#..#.
#..#....#.###.#..##
#..#


You could see Gastronok (contam, misshapen).

Vanquished Creatures
  Pikel (D:5)
  A wraith (D:6)
  A wyvern (D:8)
  Eustachio (D:5)
  A water moccasin (D:8)
  3 ice beasts
  2 ogres
  A black bear (D:6)
  2 centaurs (D:8)
  2 lemures
  2 kobold brigands
  A phantom (D:6)
  A bullfrog (D:7)
  2 scorpions (D:4)
  7 wights
  2 jellies (D:6)
  2 gnoll boudas
  A hound (D:6)
  3 orc priests
  An orc wizard (D:4)
  4 iguanas
  11 gnolls
  6 adders
  5 white imps
  2 ufetubi
  3 dart slugs
  A worm (D:2)
  16 orcs
  4 bats
  8 endoplasms
  4 giant cockroaches
  10 goblins
  8 hobgoblins
  4 jackals (D:4)
  3 quokkas
  8 ball pythons
  3 frilled lizards (D:2)
  12 kobolds
  8 rats
157 creatures vanquished.

Notes
Turn   | Place    | Note
-------+----------+-------------------------------------------
     0 | D:1      | bobo the Draconian Shapeshifter began the quest for the
                  | Orb.
     0 | D:1      | Reached XP level 1. HP: 16/16 MP: 1/1
    57 | D:1      | Found a faded altar of an unknown god.
    84 | D:1      | Reached XP level 2. HP: 23/23 MP: 2/2
   452 | D:1      | Reached XP level 3. HP: 29/29 MP: 3/3
  1245 | D:3      | Reached XP level 4. HP: 37/37 MP: 4/4
  1588 | D:3      | Found Tykh's Antique Armour Boutique.
  1893 | D:4      | Noticed an ogre
  1928 | D:4      | Killed an ogre
  1929 | D:4      | Reached XP level 5. HP: 12/45 MP: 5/5
  2113 | D:4      | Reached XP level 6. HP: 33/51 MP: 6/6
  2215 | D:4      | Found a staircase to the Ecumenical Temple.
  2220 | Temple   | Entered the Ecumenical Temple
  2236 | Temple   | Became a worshipper of Uskayaw the Reveller
  2260 | D:4      | Reached * piety under Uskayaw
  2268 | D:4      | Reached ** piety under Uskayaw
  2403 | D:4      | Reached skill level 1 in Invocations
  2565 | D:4      | Found a sacrificial altar of Ru.
  3011 | D:5      | Entered Level 5 of the Dungeon
  3017 | D:5      | Noticed Pikel
  3083 | D:5      | Reached *** piety under Uskayaw
  3085 | D:5      | Killed Pikel
  3086 | D:5      | Reached skill level 5 in Unarmed Combat
  3086 | D:5      | Your scales start taking on a pale cyan-grey colour.
  3086 | D:5      | Reached XP level 7. HP: 26/60 MP: 7/9
  3086 | D:5      | Gained mutation: You are immune to the effects of steam.
                  | [Pale Draconian growth]
  3419 | D:5      | Noticed Eustachio
  3425 | D:5      | Killed Eustachio
  3426 | D:5      | Reached skill level 5 in Fighting
  3426 | D:5      | Reached XP level 8. HP: 68/68 MP: 10/10
  3683 | D:5      | Reached skill level 5 in Shapeshifting
  3821 | D:5      | Identified the +8 orcbow "Grim" {freeze, rElec SInv}
  4539 | D:6      | Reached skill level 5 in Invocations
  4539 | D:6      | Reached XP level 9. HP: 75/75 MP: 7/12
  4610 | D:6      | Found a bloodstained altar of Trog.
  4610 | D:6      | Found a glowing golden altar of the Shining One.
  4748 | D:7      | Reached **** piety under Uskayaw
  4937 | D:7      | Found a flagged portal.
  4948 | Bailey   | Entered a bailey
  6048 | D:8      | Noticed Gastronok
  6098 | D:8      | HP: 2/79 [Gastronok (5)]
  6099 | D:8      | Reached ***** piety under Uskayaw
  6101 | D:8      | Demolished by Gastronok

Illustrated notes

Levels and vault maps discovered:
D:1:      scummos_arrival_simple_fountains, layout_loops_cross,
          hellmonk_ecumenical_altar_arch_garden, minmay_pentomino_v4
D:2:      layout_rooms
D:3:      layout_loops_ring, serial_shops, shop, fountainhead,
          small_statue_intersection
D:4:      layout_gridville, nicolae_ru_great_annihilating_truth, temple_doors_e,
          mrwooster_statue_mirror
D:5:      layout_layer_cave, uniq_pikel, uniq_eustachio
D:6:      layout_basic, nicolae_overflow_two_pavilions
D:7:      layout_loops_corners, enter_bailey_5
D:8:      layout_rooms, hangedman_abyss_or_decor_stagger, minmay_crossroads,
          uniq_gastronok
Temple:   nicolae_temple_bog_church

Skill      XL: |  1  2  3  4  5  6  7  8  9 |
---------------+----------------------------+-----
Dodging        | 2 3 |  3.2
Fighting       | 2 3 4 5 6 7 |  7.0
Unarmed Combat | 4 5 6 7 |  7.0
Shapeshifting  | 4 6 7 |  7.1
Invocations    | 3 5 |  5.9

Action                     |  1- 3 |  4- 6 |  7- 9 || total
---------------------------+-------+-------+-------++-------
  Melee: Unarmed           |   103 |   125 |   172 ||   400
         Tailslap          |     7 |    15 |    38 ||    60
         Punch             |       |     5 |     4 ||     9
 Invoke: Stomp             |       |     2 |     1 ||     3
         Line Pass         |       |       |     4 ||     4
Ability: Breathe Steam     |       |       |    14 ||    14
    Use: Scroll            |     3 |     2 |     7 ||    12
         Potion            |     1 |     1 |     4 ||     6
   Stab: Sleeping          |     1 |       |       ||     1
         Paralysed         |       |     1 |     7 ||     8
 Armour: Skin              |    26 |    25 |    70 ||   121
  Dodge: Dodged            |    44 |    64 |   108 ||   216
   Form: Flux              |       |       |     1 ||     1

Table legend: (Time is in decaauts)
 A = Elapsed time spent in this place.
 B = Non-inter-level travel time spent in this place.
 C = Inter-level travel time spent in this place.
 D = Time resting spent in this place.
 E = Time spent auto-exploring this place.
 F = Levels seen in this place.
 G = Mean time per level.
                   A        B        C        D        E       F      G
               +--------+--------+--------+--------+--------+-----+--------+
         Total |   6087 |   5934 |    153 |    146 |   4546 |  10 |  608.7 |
       Dungeon |   5988 |   5850 |    138 |    146 |   4546 |   8 |  748.5 |
        Temple |     33 |     18 |     15 |      0 |      0 |   1 |   33.0 |
        Bailey |     66 |     66 |      0 |      0 |      0 |   1 |   66.0 |
               +--------+--------+--------+--------+--------+-----+--------+

Top non-repeatable levels by time:
     D:4: 1206 daAuts
     D:5: 1063 daAuts
     D:7: 866 daAuts
     D:3: 655 daAuts
     D:6: 632 daAuts
     D:1: 572 daAuts
     D:2: 558 daAuts
     D:8: 433 daAuts
  Bailey: 66 daAuts
  Temple: 33 daAuts
